 Dungeon Crawl Stone Soup version 0.30-a0-1163-gf69bf04e7a (webtiles) character file.

Game seed: 2734054022581181927

13016 cforsyth the Summoner (level 11, 0/111 HPs)
             Began as a Demigod Summoner on Apr 28, 2023.
             Slain by a fire crab (6 damage)
             ... in a Gauntlet.
             The game lasted 00:35:02 (13388 turns).

cforsyth the Summoner (Demigod Summoner)           Turns: 13388, Time: 00:35:02

Health: 0/111      AC:  9    Str:  8 (9)  XL:     11   Next: 42%
Magic:  4/31       EV: 12    Int: 33      God:
Gold:   697        SH:  0    Dex: 19 (20) Spells: 20/33 levels left

rFire   + . .        (no weapon)
rCold   + . .        (no shield)
rNeg    . . .        p - +2 leather armour {rF+}
rPois   +            o - +0 helmet "Lotufah" {rPois Will- Int+4}
rElec   .            l - +1 cloak
rCorr   .            y - +0 pair of gloves
SInv    +            (no boots)
Will    .....        G - amulet of regeneration Stlth
                     r - ring of see invisible
HPRegen 1.18/turn    J - +6 ring of dexterity
MPRegen 0.22/turn

%: no teleportation
@: berserking, very quick
A: high MP 1, forlorn, divine attributes, cold resistance 1, deterioration 1
a: no special abilities


You were in a Gauntlet.
You visited 1 branch of the dungeon, and saw 11 of its levels.
You also visited: Sewer and Gauntlet.

You collected 930 gold pieces.
You spent 233 gold pieces at shops.

Inventory:

Armour
 a - a +0 robe
 l - a +1 cloak (worn)
 o - the +0 helmet "Lotufah" (worn) {rPois Will- Int+4}
   (You bought it in a shop on level 2 of the Dungeon)

   Int:       It affects your intelligence (+4).
   rPois:     It protects you from poison.
   Will:      It decreases your willpower.
 p - a +2 leather armour of fire resistance (worn)
 s - a +1 hat
 x - a +2 leather armour of cold resistance
 y - a +0 pair of gloves (worn)
 B - a +2 leather armour of willpower
 M - the +0 cloak of Fiyl {rC++ rN+ Str+5}
   (You found it in a Gauntlet)

   Str:       It affects your strength (+5).
   rC:        It greatly protects you from cold.
   rN:        It protects you from negative energy.
Jewellery
 r - a ring of see invisible (left hand)
 G - an amulet of regeneration (around neck)
 J - a +6 ring of dexterity (right hand)
 L - an amulet of the acrobat
Wands
 q - a wand of mindburst (13)
 v - a wand of charming (16)
 F - a wand of polymorph (6)
 I - a wand of flame (8)
Scrolls
 e - a scroll of silence
 f - 4 scrolls of teleportation
 g - 3 scrolls of poison
 i - 2 scrolls of amnesia
 k - a scroll of vulnerability
 n - 2 scrolls of fear
 u - 3 scrolls of immolation
 w - 2 scrolls of enchant weapon
 D - 2 scrolls of blinking
 N - a scroll of butterflies
Potions
 b - 2 potions of brilliance
 d - 3 potions of might
 h - 9 potions of curing
 j - 4 potions of flight
 m - 3 potions of mutation
 t - 2 potions of cancellation
 A - 2 potions of haste
 C - 11 potions of degeneration
 E - a potion of attraction {unknown}
 H - a potion of lignification {unknown}
 K - a potion of magic


   Skills:
 - Level 1.7 Dodging
 - Level 1.7 Stealth
 + Level 11.5 Spellcasting
 + Level 12.8 Summonings


You had 20 spell levels left.
You knew the following spells:

 Your Spells              Type           Power      Damage    Failure   Level
a - Summon Small Mammal   Summ           100%       N/A       1%          1
b - Call Imp              Summ           100%       N/A       1%          2
c - Call Canine Familiar  Summ           81%        N/A       1%          3
d - Summon Guardian Gole  Hex/Summ       57%        N/A       1%          3
e - Summon Lightning Spi  Summ/Air       57%        N/A       2%          4

Your spell library contained the following spells:

 Spells                   Type           Power      Damage    Failure   Level
 Summon Ice Beast         Ice/Summ       57%        N/A       2%          4
 Freezing Cloud           Conj/Ice/Air   9%         6-21      69%         5
 Metabolic Englaciation   Hex/Ice        9%         N/A       69%         5
 Summon Horrible Things   Summ           40%        N/A       77%         8
 Malign Gateway           Summ/Tloc      28%        N/A       91%         7


Dungeon Overview and Level Annotations

Branches:
Dungeon (11/15)            Temple (0/1) D:7            Lair (0/5) D:8
    Orc (0/2) D:10          Sewer (visited)         Gauntlet (1/1)

Shops:
D:2 *   D:7 :*   D:9 *

Annotations:
Gauntlet 7 transporters


Innate Abilities, Weirdness & Mutations

You have an increased reservoir of magic. (+10% MP)
You shall have no god before yourself.
Your divine heritage dramatically boosts your attributes as you level up.
Your flesh is cold resistant. (rC+)
Your body sometimes deteriorates upon taking damage.


Message History

You feel yourself moving faster!
You feel mighty!
Your warg is engulfed in blazing flames.
Your warg bites the fire crab!
The hell hound bites you.
* * * LOW HITPOINT WARNING * * *
The hell hound bites you.
* * * LOW HITPOINT WARNING * * *
The fire crab bites you.
* * * LOW HITPOINT WARNING * * *
You are engulfed in flames.
You resist.
* * * LOW HITPOINT WARNING * * *
The fire crab barely misses you.
Your guardian golem is engulfed in blazing flames.
You hit the fire crab.
The fire crab is heavily wounded.
Your warg is engulfed in blazing flames.
Your warg bites the fire crab.
The hell hound bites you.
* * * LOW HITPOINT WARNING * * *
The hell hound closely misses you.
Unknown command.
Unknown command.
You are too berserk!
You closely miss the fire crab.
The fire crab is heavily wounded.
Your warg is engulfed in blazing flames.
Your warg dies!
Your warg's corpse disappears in a puff of smoke!
The hell hound misses you. The hell hound closely misses you.
Your guardian golem is engulfed in blazing flames.
Your guardian golem overheats!
The fire crab breathes flames at you. The blast of flame engulfs you.
You resist.
* * * LOW HITPOINT WARNING * * *
You hit the fire crab.
The fire crab is heavily wounded.
You are engulfed in blazing flames.
You resist.
* * * LOW HITPOINT WARNING * * *
The hell hound bites you.
* * * LOW HITPOINT WARNING * * *
The hell hound closely misses you. The fire crab bites you.
You die...

............ ..........
#......#
#######.©..©.#########
#§#≈#≈########≈#≈#≈#§###
..§...................≈#
..........∩...........##
#########..#########..≈#
.!=©}..##..#§#.t@hb#..##
#.....#2#..#§#9h##.#..≈#
^#...#^.#..#..##§.##..##
..#.#^..#..##.^©^.##..§#
..^#^.3.#..##..##..#..##
.^#©#...#..#.##.8#.#..≈#
.#...#^.#..#.....#.#..##
#.....#.#..#########..≈#
.......##.....#©#.....##


You could see a fire crab, 2 hell hounds, a fire bat (ally target) and a
friendly guardian golem (summoned, inner flame).

Vanquished Creatures
  A fire bat (Gauntlet)
  A water moccasin (D:7)
  An adder (D:2)
  A gnoll (D:6)
  A ball python (D:1)
  2 quokkas (D:1)
  2 kobolds
  2 rats
11 creatures vanquished.

Vanquished Creatures (collateral kills)
  Pikel (D:4)
  Maurice (D:8)
  A gargoyle (D:10)
  Psyche (D:8)
  A troll (D:9)
  Sigmund (D:4)
  A shadow (D:9)
  11 yaks
  A wraith (D:10)
  A vampire (D:10)
  A wyvern (D:9)
  A fire bat (Gauntlet)
  5 vampire mosquitoes (D:10)
  A steam dragon (D:6)
  Grum (D:8)
  An acid dragon (D:8)
  2 water moccasins
  A swamp drake (D:10)
  6 orc warriors
  A black bear (D:6)
  3 ogres
  2 ice beasts
  3 sky beasts
  2 centaurs
  A lemure (D:4)
  4 wolves
  4 kobold brigands
  A gnoll sergeant (D:10)
  A scorpion (D:6)
  4 bullfrogs
  4 small abominations (Gauntlet)
  12 killer bees
  A howler monkey (D:5)
  5 hounds
  6 jellies
  7 orc priests
  4 iguanas
  11 orc wizards
  9 adders
  14 gnolls
  A river rat (Sewer)
  A white imp (D:5)
  An ufetubus (D:4)
  2 worms (D:2)
  2 dart slugs
  35 orcs
  A bat (D:2)
  17 endoplasms
  6 giant cockroaches
  7 goblins
  6 hobgoblins
  5 quokkas
  14 ball pythons
  5 frilled lizards
  29 kobolds
  6 rats
  2 butterflies (D:10)
278 creatures vanquished.

Vanquished Creatures (others)
  A two-headed ogre (D:10)
  A gargoyle (D:10)
  2 trolls (D:10)
  6 yaks (D:10)
  A vampire mosquito (D:10)
  2 black bears
  A small abomination (Gauntlet)
  A killer bee (D:8)
  2 orc priests
  An orc wizard (D:8)
  3 orcs
  A demonic plant (Gauntlet)
  4 fungi (D:8)
  25 plants
51 creatures vanquished.

Grand Total: 340 creatures vanquished

Notes
Turn   | Place    | Note
-------+----------+-------------------------------------------
     0 | D:1      | cforsyth the Demigod Summoner began the quest for the Orb.
     0 | D:1      | Reached XP level 1. HP: 14/14 MP: 5/5
   321 | D:1      | Reached XP level 2. HP: 19/20 MP: 3/7
   324 | D:1      | Learned a level 2 spell: Call Imp
   591 | D:1      | Reached skill level 4 in Summonings
  1555 | D:2      | Reached XP level 3. HP: 26/26 MP: 4/9
  1559 | D:2      | Learned a level 3 spell: Call Canine Familiar
  2112 | D:2      | Found Gogoopn's Assorted Antiques.
  2596 | D:2      | Reached XP level 4. HP: 22/33 MP: 4/11
  3303 | D:2      | Bought a scroll labelled QOZUCKU MATEFEHAI for 19 gold
                  | pieces
  3303 | D:2      | Bought a polished helmet for 180 gold pieces
  3303 | D:2      | Identified the +0 helmet "Lotufah" {rPois Will- Int+4} (You
                  | bought it in a shop on level 2 of the Dungeon)
  3303 | D:2      | Bought a viscous clear potion for 17 gold pieces
  3684 | D:4      | Noticed Sigmund
  3813 | D:3      | Learned a level 3 spell: Summon Guardian Golem
  4054 | D:4      | Killed Sigmund
  4055 | D:4      | Reached skill level 5 in Summonings
  4055 | D:4      | Reached XP level 5. HP: 38/38 MP: 3/14
  4154 | D:4      | Got the Compilation of Firn
  4191 | D:4      | Reached XP level 6. HP: 43/45 MP: 6/15
  4707 | D:4      | Noticed Pikel
  4725 | D:4      | Killed Pikel
  4726 | D:4      | Reached skill level 5 in Spellcasting
  4726 | D:4      | Reached skill level 6 in Summonings
  4726 | D:4      | Reached XP level 7. HP: 50/50 MP: 10/18
  5343 | D:5      | Entered Level 5 of the Dungeon
  5438 | D:5      | Reached skill level 7 in Summonings
  5741 | D:5      | Reached XP level 8. HP: 57/57 MP: 15/21
  5746 | D:5      | Learned a level 4 spell: Summon Lightning Spire
  6450 | D:5      | Reached skill level 8 in Summonings
  6597 | D:6      | Gained mutation: Your body sometimes deteriorates upon
                  | taking damage. [potion of mutation]
  6597 | D:6      | Gained mutation: Your flesh is cold resistant. (rC+)
                  | [potion of mutation]
  6765 | D:6      | Found a glowing drain.
  6821 | Sewer    | Entered a sewer
  6896 | Sewer    | Reached XP level 9. HP: 62/62 MP: 18/24
  7151 | Sewer    | Reached skill level 9 in Summonings
  7859 | D:7      | Found a staircase to the Ecumenical Temple.
  8002 | D:7      | Found Inlicoum's Serpentskin Sales.
  8111 | D:7      | Found Lejevi's Book Shoppe.
  8588 | D:8      | Noticed Maurice
  8693 | D:8      | Reached skill level 10 in Summonings
  8941 | D:8      | Killed Maurice
  8942 | D:8      | Reached XP level 10. HP: 69/69 MP: 17/27
  9104 | D:8      | Noticed Grum
  9105 | D:8      | Noticed Psyche
  9184 | D:8      | Killed Psyche
  9192 | D:8      | Killed Grum
  9365 | D:8      | Found a staircase to the Lair.
  9818 | D:2      | Bought a puce potion for 17 gold pieces
 10261 | D:9      | Reached skill level 11 in Summonings
 10349 | D:9      | Reached skill level 10 in Spellcasting
 10948 | D:9      | Found Puituudd's General Store.
 11016 | D:10     | Entered Level 10 of the Dungeon
 11277 | D:10     | Reached skill level 12 in Summonings
 11277 | D:10     | Reached XP level 11. HP: 26/74 MP: 10/30
 11660 | D:10     | Noticed a two-headed ogre
 11679 | D:10     | Killed a two-headed ogre
 12151 | D:10     | Found a staircase to the Orcish Mines.
 12718 | D:11     | Identified a scroll of acquirement
 12718 | D:11     | Acquired a Grand Grimoire
 12774 | D:11     | Found a gate leading to a gauntlet.
 12786 | Gauntlet | Entered a Gauntlet
 12786 | Gauntlet | Found a transporter.
 12786 | Gauntlet | Found a transporter.
 12786 | Gauntlet | Found a transporter.
 12787 | Gauntlet | Found a transporter.
 12788 | Gauntlet | Found a transporter.
 12791 | Gauntlet | Found a transporter.
 12796 | Gauntlet | Noticed a tengu warrior
 12797 | Gauntlet | Found a transporter.
 12799 | Gauntlet | Found a transporter.
 12800 | Gauntlet | Found a transporter.
 12802 | Gauntlet | Found a transporter.
 12806 | Gauntlet | Noticed a cacodemon
 12810 | Gauntlet | Found a transporter.
 12810 | Gauntlet | Noticed a fire crab
 12811 | Gauntlet | Found a transporter.
 13365 | Gauntlet | Identified the +0 cloak of Fiyl {rC++ rN+ Str+5}
 13388 | Gauntlet | Slain by a fire crab

Illustrated notes

Levels and vault maps discovered:
D:1:      dpeg_arrival_refuge, layout_basic
D:2:      minmay_razor_zed, layout_loops_ring, serial_shops,
          nicolae_shop_temple_entry_statues_fountains,
          chequers_serial_rivers_micro_e, nicolae_figureground_sparkle
D:3:      layout_loops_ring, nemelex_xobeh_ov_fountains_minmay
D:4:      layout_basic, uniq_sigmund, uniq_pikel
D:5:      layout_loops_corners, mainiacjoe_overflow_paths
D:6:      layout_cave_pools, portal_sewer_entry_a
D:7:      layout_basic, minmay_temple_entry_gardened_gates, serial_shops, shop,
          guppyfry_shop_venom
D:8:      layout_rooms, grunt_lair_entry_orc_guard_hut, uniq_psyche, uniq_grum,
          uniq_maurice
D:9:      layout_cave_pools, nicolae_tso_carved_into_rock, serial_shops,
          nicolae_shop_waterfront, corexii_hall_statues_l
D:10:     layout_basic, nicolae_overflow_crystal_walls, xom_butterflies,
          erik_orc_1, grunt_potential
D:11:     layout_roguey, serial_corexii_hall, chequers_hall_statues_y,
          corexii_hall_statues_i, trove_entry_hex_spiral,
          gauntlet_entry_generic, uniq_gastronok, uniq_erolcha
Gauntlet: minmay_gauntlet_mixed_big_or_small
          [nicolae_gauntlet_arena_flowing_pool,
          minmay_gauntlet_arena_77_two_paths, nicolae_gauntlet_arena_grate_2,
          minmay_gauntlet_arena_77_braids, nicolae_gauntlet_arena_x,
          minmay_gauntlet_arena_77_squiggly, dreamdust_gauntlet_exit_labyrinth]

Skill      XL: |  1  2  3  4  5  6  7  8  9 10 11 |
---------------+----------------------------------+-----
Spellcasting   | 2 3 4 5 6 7 9 10 11 | 11.5
Summonings     | 4 5 6 7 8 10 12 | 12.8
Dodging        | |  1.7
Stealth        | |  1.7

Action                     |  1- 3 |  4- 6 |  7- 9 | 10-12 || total
---------------------------+-------+-------+-------+-------++-------
  Melee: Unarmed           |   121 |     8 |    39 |    42 ||   210
         Punch             |     1 |       |       |       ||     1
   Cast: Summon Small Mamm |    50 |    33 |    43 |    38 ||   164
         Call Imp          |    21 |    13 |    28 |    24 ||    86
         Call Canine Famil |     7 |    17 |    33 |    37 ||    94
         Summon Guardian G |       |     5 |    15 |    32 ||    52
         Summon Lightning  |       |       |    15 |    26 ||    41
  Evoke: Wand              |       |       |       |     1 ||     1
    Use: Potion            |       |       |     3 |     6 ||     9
         Scroll            |       |       |       |    21 ||    21
   Stab: Distracted        |     3 |       |       |     1 ||     4
         Sleeping          |       |       |     1 |     1 ||     2
 Armour: Robe              |    21 |     7 |    17 |       ||    45
         Leather armour    |       |       |    26 |    47 ||    73
  Dodge: Dodged            |    84 |    16 |    80 |   117 ||   297

Table legend: (Time is in decaauts)
 A = Elapsed time spent in this place.
 B = Non-inter-level travel time spent in this place.
 C = Inter-level travel time spent in this place.
 D = Time resting spent in this place.
 E = Time spent auto-exploring this place.
 F = Levels seen in this place.
 G = Mean time per level.
                   A        B        C        D        E       F      G
               +--------+--------+--------+--------+--------+-----+--------+
         Total |  13430 |  12805 |    625 |   1102 |   8713 |  13 | 1033.1 |
       Dungeon |  12404 |  11779 |    625 |    840 |   8442 |  11 | 1127.6 |
         Sewer |    424 |    424 |      0 |     64 |    134 |   1 |  424.0 |
      Gauntlet |    601 |    601 |      0 |    198 |    137 |   1 |  601.0 |
               +--------+--------+--------+--------+--------+-----+--------+

Top non-repeatable levels by time:
    D:10: 1661 daAuts
     D:2: 1514 daAuts
     D:4: 1413 daAuts
     D:5: 1304 daAuts
     D:8: 1281 daAuts
     D:3: 1266 daAuts
     D:1: 1255 daAuts
     D:7: 961 daAuts
     D:6: 821 daAuts
     D:9: 816 daAuts
Gauntlet: 601 daAuts
   Sewer: 424 daAuts
    D:11: 109 daAuts
